 Dungeon Crawl Stone Soup version 0.30-a0-845-g7c6808c8ce (webtiles) character file.

Game seed: 11755814025414934597

240 domi the Covert (level 5, -2/34 HPs)
             Began as a Vampire Brigand on Mar 2, 2023.
             Was an Initiate of Uskayaw.
             Slain by a kobold brigand
             ... wielding a +0 dagger
              (7 damage)
             ... on level 4 of the Dungeon.
             The game lasted 00:09:11 (3287 turns).

domi the Covert (Vampire Brigand)                   Turns: 3287, Time: 00:09:12

Health: -2/34      AC:  4    Str: 10    XL:     5   Next: 80%
Magic:  3/6        EV: 12    Int: 13    God:    Uskayaw [......]
Gold:   285        SH:  0    Dex: 18    Spells: 4/4 levels left

rFire   . . .      SeeInvis +    a - +2 dagger
rCold   . . .      Faith    .    (no shield)
rNeg    . . .      Spirit   .    b - +1 robe
rPois   .          Reflect  .    (no helmet)
rElec   .          Rampage  .    c - +0 cloak
rCorr   .                        (no gloves)
Will    .....                    (no boots)
Stlth   ++++                     (no amulet)
HPRegen 0.45/turn                (no ring)
MPRegen 0.10/turn                (no ring)

@: lethally poisoned (-2 -> -4), healing quickly
A: alive, fangs 3, see invisible, vampiric 2, [frail 1]
a: Exsanguinate, Renounce Religion


You were on level 4 of the Dungeon.
You worshipped Uskayaw.
Uskayaw was noncommittal.
You visited 1 branch of the dungeon, and saw 4 of its levels.

You collected 285 gold pieces.

Inventory:

Hand Weapons
 a - a +2 dagger (weapon)
Missiles
 e - a curare-tipped dart {=f}
Armour
 b - a +1 robe (worn)
 c - a +0 cloak (worn)
Wands
 n - a wand of digging (8)
   (You found it on level 2 of the Dungeon)
Scrolls
 f - 2 scrolls of noise {!r}
 g - a scroll of identify {@r1}
 i - 2 scrolls of amnesia
Potions
 k - a potion of magic
 p - a potion of degeneration {!q}
 w - a potion of berserk rage {!q!q}


   Skills:
 - Level 1.7 Fighting
 + Level 3.9 Short Blades
 - Level 1.5 Throwing
 - Level 1.1 Dodging
 * Level 9.1 Stealth
 + Level 1.8 Invocations


You had 4 spell levels left.
You didn't know any spells.
Your spell library contained the following spells:

 Spells                   Type           Power      Damage    Failure   Level
 Ensorcelled Hibernation  Hex/Ice        0%         N/A       43%         2
 Passwall                 Tmut/Erth      0%         N/A       43%         2
 Portal Projectile        Hex/Tloc       0%         N/A       67%         3
 Swiftness                Air            0%         N/A       67%         3
 Tukima's Dance           Hex            0%         N/A       67%         3
 Blade Hands              Tmut           0%         N/A       100%        5


Dungeon Overview and Level Annotations

Branches:
Dungeon (4/15)
 Temple: D:4-7

Altars:
Uskayaw

Shops:
D:3 *   D:4 [


Innate Abilities, Weirdness & Mutations

Your natural rate of healing is accelerated.
You have razor-sharp teeth.
You have supernaturally acute eyesight. (SInv)
You are afflicted with vampirism and can become a bat while bloodless.
[You are frail. (-10% HP)]


Message History

You can now pass through a line of other dancers.
You hit the kobold. You bite the kobold.
You kill the kobold!
You now have 279 gold pieces (gained 4).
Things that are here:
a +0 short sword; a +0 club; a kobold corpse You now have 285 gold pieces (gained 6).
You can no longer pass through a line of other dancers.
Things that are here:
a +0 short sword; a +0 club; a kobold corpse
There is a large open door here.
Things that are here:
a +0 club; a gnoll corpse
Things that are here:
a poisoned dart; 5 stones
d - a poisoned dart
There is an open door here.
You see here 7 stones.
d - 2 poisoned darts (gained 1)
d - 4 poisoned darts (gained 2)
You see here 2 stones.
You see here 2 poisoned darts.
The gnoll shouts!
Things that are here:
a +0 club; a kobold skeleton Throw: 4 darts (poison)
Aim: a gnoll, wielding a +0 halberd (64% to hit)
You throw a poisoned dart. The poisoned dart hits the gnoll.
The gnoll is poisoned.
Throw: 3 darts (poison)
Aim: a gnoll, wielding a +0 halberd (poisoned, 64% to hit)
You throw a poisoned dart.
The poisoned dart barely misses the gnoll.
The gnoll hits you from afar with a +0 halberd!
* * * LOW HITPOINT WARNING * * *
You see here 2 poisoned darts.
A gnoll comes into view. It is wielding a +0 club.
The gnoll moves out of view.
You see here 2 stones.
The gnoll looks more healthy.
There is an open door here.
You see here 7 stones.
The gnoll shouts!
The gnoll hits you with a +0 club.
* * * LOW HITPOINT WARNING * * *
Okay, then.
The gnoll barely misses you.
Things that are here:
a +0 club; a gnoll corpse The gnoll attacks as you move away!
The gnoll barely misses you. The gnoll hits you with a +0 club.
* * * LOW HITPOINT WARNING * * *
There is a large open door here.
You feel very buoyant.
You fly up into the air.
The gnoll closely misses you. The gnoll hits you but does no damage.
Throw: 2 darts (poison)
Aim: a gnoll, wielding a +0 halberd (lightly wounded, 64% to hit)
You throw a poisoned dart.
The poisoned dart completely misses the gnoll.
You hear a splash.
Throw: dart (poison)
Aim: a gnoll, wielding a +0 halberd (lightly wounded, 64% to hit)
You throw a poisoned dart.
The poisoned dart closely misses the gnoll.
You hear a splash.
A gnoll is nearby!
You are starting to lose your buoyancy.
A gnoll is nearby!
Unknown command.
Unknown command.
Okay, then.
Okay, then.
Okay, then.
You float gracefully downwards.
You begin the revivification ritual.
You continue your ritual. x5
You return to life.
You feel frail.
Okay, then.
The kobold brigand shouts!
The kobold brigand throws a poisoned dart.
The poisoned dart hits you!
You are poisoned.
You feel sick.
The kobold brigand hits you with a +0 dagger.
You hit the kobold brigand but do no damage.
You bite the kobold brigand.
You feel sick.
You miss the kobold brigand.
You feel sick. The hobgoblin hits you.
* * * LOW HITPOINT WARNING * * *
The kobold brigand closely misses you.
Unknown command.
You stomp with the beat, sending a shockwave through the revellers around you!
You can no longer stomp with the beat.
You feel sick. The kobold brigand barely misses you. The hobgoblin hits you.
* * * LOW HITPOINT WARNING * * *
Unknown command.
Okay, then.
You hit the hobgoblin.
You feel sick.
The kobold brigand hits you with a +0 dagger!
You die...

#.#.#.#.#.#####.#.#......#.#.# #.
#.#...#.#># #.#.#.#'####.#.# #.
#.#.....#.# #.#.#.#.####.#.# #.
......###.# #.#.#.#.##...#.###.
#.........# #.#)#.#..'.....#...
###.#.##..#####.....####...#...#.
#.#.##<.##...............#.#.#.
#.#.....##.....###########.#...
###.####.###....@g....######+#.##
.......#.# #.....K..#.#..........
###.##.#.# #........#.#.##....###
.......#.# #........#.#.##....#
..#∩#..#.# #........#.#.##....###
..#.#..#.# ###......#.#..........
..#.#..#.#######'##.#.###########
###.#.......####.##.#.#
#......#..........#.#.#


You could see a kobold brigand and a hobgoblin.

Vanquished Creatures
  An iguana (D:4)
  3 adders
  6 gnolls (D:4)
  2 worms (D:3)
  6 orcs
  9 ball pythons
  6 endoplasms
  A giant cockroach (D:4)
  11 goblins
  6 hobgoblins
  2 jackals (D:1)
  25 kobolds
  2 quokkas
  A frilled lizard (D:1)
  8 rats
89 creatures vanquished.

Vanquished Creatures (collateral kills)
  2 gnolls (D:4)
  5 kobolds (D:4)
7 creatures vanquished.

Grand Total: 96 creatures vanquished

Notes
Turn   | Place    | Note
-------+----------+-------------------------------------------
     0 | D:1      | domi the Vampire Brigand began the quest for the Orb.
     0 | D:1      | Reached XP level 1. HP: 16/16 MP: 1/1
    30 | D:1      | Reached skill level 6 in Stealth
    44 | D:1      | HP: 4/16 [hobgoblin (2)]
    48 | D:1      | Reached XP level 2. HP: 8/22 MP: 2/2
   496 | D:1      | Reached skill level 7 in Stealth
   539 | D:1      | Gained mutation: You are afflicted with vampirism and can
                  | become a bat while bloodless. [Vampire growth]
   539 | D:1      | Reached XP level 3. HP: 27/27 MP: 3/3
   682 | D:2      | Found a hide-covered altar of Uskayaw.
   709 | D:2      | Became a worshipper of Uskayaw the Reveller
   791 | D:2      | Reached * piety under Uskayaw
   797 | D:2      | Reached ** piety under Uskayaw
   799 | D:2      | HP: 4/27 [adder (3)]
   802 | D:2      | Reached skill level 3 in Short Blades
  1156 | D:3      | Found Ronalec's Assorted Antiques.
  1235 | D:3      | Found a faded altar of an unknown god.
  1315 | D:3      | Reached XP level 4. HP: 33/33 MP: 4/4
  1820 | D:4      | Reached *** piety under Uskayaw
  1825 | D:4      | Reached **** piety under Uskayaw
  1869 | D:4      | Found Lodor's Armour Shop.
  1954 | D:4      | HP: 8/33 [iguana (12)]
  1962 | D:4      | Reached skill level 8 in Stealth
  1962 | D:4      | Reached skill level 1 in Invocations
  2675 | D:4      | Reached XP level 5. HP: 16/38 MP: 5/5
  2907 | D:4      | HP: 5/30 [kobold brigand/+0 dagger (5)]
  2916 | D:4      | HP: 5/30 [kobold brigand/+0 dagger (3)]
  3096 | D:4      | HP: 7/30 [gnoll/+0 club (8)]
  3113 | D:4      | Reached skill level 9 in Stealth
  3192 | D:4      | HP: 5/30 [gnoll/+0 club (3)]
  3285 | D:4      | HP: 7/34 [hobgoblin (3)]
  3287 | D:4      | Slain by a kobold brigand

Illustrated notes

Levels and vault maps discovered:
D:1:      tarquinn_simple_flora_water_b, layout_loops_ring, minmay_crystal_room
D:2:      layout_rooms, basic_altar
D:3:      minmay_door_path, layout_basic, mainiacjoe_overflow_tiny_flanked,
          hellmonk_ecumenical_altar_crossroads, serial_shops,
          nicolae_shop_advertising_works [nicolae_subvault_shop_adworks]
D:4:      minmay_goblin_kobold_castle, layout_basic, serial_shops, shop,
          abandoned_shop

Skill      XL: |  1  2  3  4  5 |
---------------+----------------+-----
Stealth        | 6 7 8 9 |  9.1
Short Blades   | 3 |  3.9
Invocations    | 1 |  1.8
Fighting       | |  1.7
Throwing       | |  1.5
Dodging        | |  1.1

Action                     |  1- 3 |  4- 6 || total
---------------------------+-------+-------++-------
  Melee: Dagger            |   123 |   141 ||   264
         Bite              |     6 |    10 ||    16
         Punch             |     1 |     1 ||     2
  Throw: Dart              |       |    17 ||    17
         Throwing net      |       |     1 ||     1
 Invoke: Line Pass         |       |     1 ||     1
         Stomp             |       |     1 ||     1
Ability: Exsanguinate      |       |     1 ||     1
         Revivify          |       |     1 ||     1
    Use: Potion            |     1 |     6 ||     7
         Scroll            |       |    16 ||    16
   Stab: Sleeping          |     9 |     8 ||    17
         Paralysed         |       |     2 ||     2
         Invisible         |       |     1 ||     1
         Distracted        |       |     1 ||     1
 Armour: Robe              |    16 |    28 ||    44
  Dodge: Dodged            |    62 |    95 ||   157

Table legend: (Time is in decaauts)
 A = Elapsed time spent in this place.
 B = Non-inter-level travel time spent in this place.
 C = Inter-level travel time spent in this place.
 D = Time resting spent in this place.
 E = Time spent auto-exploring this place.
 F = Levels seen in this place.
 G = Mean time per level.
                   A        B        C        D        E       F      G
               +--------+--------+--------+--------+--------+-----+--------+
         Total |   3228 |   3148 |     80 |    197 |   2116 |   4 |  807.0 |
       Dungeon |   3228 |   3148 |     80 |    197 |   2116 |   4 |  807.0 |
               +--------+--------+--------+--------+--------+-----+--------+

Top non-repeatable levels by time:
     D:4: 1313 daAuts
     D:3: 778 daAuts
     D:1: 673 daAuts
     D:2: 462 daAuts

Table legend:
 A = Kills in this place as a percentage of kills in the entire game.
 B = Kills by you in this place as a percentage of kills by you in the entire game.
 C = Kills by friends in this place as a percentage of kills by friends in the entire game.
 D = Other kills in this place as a percentage of other kills in the entire game.
 E = Experience gained in this place as a percentage of experience gained in the entire game.
 F = Experience gained in this place divided by the number of levels of this place that you have seen.
                   A       B       C       D       E      F
               +-------+-------+-------+-------+-------+----------------------
         Total | 100.0 | 100.0 | 100.0 |   N/A | 100.0 |  86.0
       Dungeon | 100.0 | 100.0 | 100.0 |   N/A | 100.0 |  86.0
               +-------+-------+-------+-------+-------+----------------------
